Map: Mech Depot LE

Players

MariK

  • Race: Protoss Protoss
  • League: Master
  • Spawn Location: 1:00

birdy - Winner!

  • Race: Zerg Zerg
  • League: Master
  • Spawn Location: 7:00

VOD

https://www.youtube.com/watch?v=Wmu37GqR6gI&t=53s

Description

Sc2 - Zerg vs Protoss GUIDE - ZvP - Hydra Ling Allin - Starcraft 2- The birdy Weekly #1. Probleme mit Protoss?! Leute hier zeige ich euch eine BO mit der ihr dem Protoss das leben schwer machen werdet. Viel Spass beim Gewinnen! ;)
Mein Twitch: https://www.twitch.tv/birdysc2

Time

  • Played on: Oct. 3, 2017, 7:31 a.m.
  • Length: 7:36
Show
View Real Time Build Order
Export as new Build Order

MariK Protoss 

Build Orders: Oracle Opening 

Get SALT Encoding   

  12  0:01  Probe (Chrono Boost)  
  13  0:11  Probe (Chrono Boost)  
  14  0:21  Pylon  
  14  0:22  Probe (Chrono Boost)  
  15  0:39  Probe (Chrono Boost)  
  16  0:49  Probe (Chrono Boost)  
  17  1:07  Nexus  
  17  1:11  Gateway  
  17  1:18  Probe (Chrono Boost)  
  18  1:29  Probe (Chrono Boost)  
  19  1:33  Assimilator x2  
  19  1:39  Probe (Chrono Boost)  
  20  1:42  Gateway  
  20  1:50  Probe (Chrono Boost)  
  21  2:00  Probe (Chrono Boost)  
  22  2:04  Cybernetics Core  
  22  2:18  Pylon  
  22  2:19  Zealot (Chrono Boost)  
  25  2:22  Probe  
  25  2:24  Probe  
  26  2:35  Probe (Chrono Boost)  
  26  2:36  Probe (Chrono Boost)  
  27  2:42  Warp Gate  
  27  2:47  Probe (Chrono Boost)  
  28  2:52  Stargate  
  28  2:54  Probe (Chrono Boost)  
  28  2:57  Probe (Chrono Boost)  
  30  3:05  Probe (Chrono Boost)  
  31  3:08  Probe (Chrono Boost)  
  32  3:15  Probe (Chrono Boost)  
  32  3:18  Probe (Chrono Boost)  
  34  3:20  Pylon  
  34  3:22  Adept (Chrono Boost)  
  34  3:25  Adept (Chrono Boost)  
  38  3:27  Mothership Core (Chrono Boost)  
  40  3:34  Oracle (Chrono Boost)  
  40  3:36  Probe  
  44  3:48  Probe x2 (Chrono Boost)  
  44  3:53  Stalker  
  48  3:59  Probe (Chrono Boost)  
  48  4:00  Probe (Chrono Boost)  
  50  4:08  Nexus  
  50  4:12  Oracle (Chrono Boost)  
  53  4:17  Probe  
  53  4:23  Pylon  
  54  4:27  Pylon  
  54  4:40  Probe  
  54  4:41  Assimilator  
  54  4:42  Probe, Assimilator  
  56  4:50  Probe  
  57  4:54  Probe  
  58  5:00  Oracle (Chrono Boost)  
  58  5:01  Probe  
  58  5:06  Probe  
  63  5:12  Probe  
  64  5:18  Probe  
  65  5:22  Gateway x2  
  65  5:24  Gateway  
  65  5:27  Pylon  
  68  5:36  Oracle (Chrono Boost)  
  68  5:37  Stargate x2  
  68  5:39  Probe x2  
  68  5:41  Probe  
  71  5:49  Probe  
  71  5:50  Probe  
  71  5:55  Pylon  
  73  6:00  Probe x2  
  73  6:01  Pylon  
  73  6:02  Probe  
  76  6:05  Pylon  
  76  6:08  Pylon  
  76  6:13  Probe  
  76  6:14  Probe  
  76  6:15  Probe  
  79  6:22  Gateway  
  79  6:23  Gateway  
  79  6:24  Probe x2  
  79  6:25  Gateway  
  79  6:27  Probe  
  82  6:34  Adept x5  
  82  6:35  Oracle (Chrono Boost)  
  82  6:36  Oracle (Chrono Boost)  
  98  6:41  Oracle (Chrono Boost)  
  86  7:02  Adept x3  
Show
View Real Time Build Order
Export as new Build Order

birdy Zerg - Winner!

Build Orders: Hatch First 

Get SALT Encoding   

  12  0:00  Drone  
  13  0:12  Overlord  
  13  0:17  Drone  
  14  0:31  Drone x2  
  14  0:34  Drone  
  17  0:52  Hatchery  
  17  0:55  Drone  
  17  0:58  Drone  
  18  1:14  Extractor  
  18  1:15  Drone  
  18  1:18  Spawning Pool  
  18  1:20  Drone  
  18  1:28  Drone  
  19  1:39  Drone  
  20  1:53  Overlord  
  20  2:06  Queen x2  
  20  2:07  Zergling x2  
  25  2:09  Drone  
  25  2:11  Drone  
  27  2:18  Metabolic Boost  
  27  2:20  Drone  
  27  2:21  Drone  
  29  2:25  Drone  
  30  2:32  Drone  
  31  2:42  Zergling x2  
  32  2:46  Hatchery  
  32  2:47  Overlord  
  32  2:48  Drone  
  32  2:55  Queen  
  34  2:58  Drone  
  34  2:59  Drone  
  36  3:05  Overlord  
  36  3:09  Drone  
  37  3:16  Drone x3  
  37  3:18  Drone x3  
  43  3:21  Drone  
  43  3:24  Overlord  
  44  3:34  Extractor  
  44  3:35  Extractor, Drone x2  
  44  3:42  Zergling x2  
  44  3:44  Zergling x2  
  44  3:47  Lair  
  46  3:51  Spore Crawler  
  46  3:52  Spore Crawler, Drone x2  
  46  3:53  Drone  
  46  3:55  Zergling x2, Extractor  
  47  4:08  Queen  
  49  4:11  Drone x5  
  49  4:12  Drone  
  55  4:17  Drone x2  
  55  4:23  Drone x2  
  59  4:28  Drone x2  
  59  4:29  Drone  
  62  4:39  Spore Crawler  
  62  4:42  Overlord x3  
  61  4:53  Spore Crawler  
  61  5:00  Hydralisk Den  
  61  5:01  Drone x4  
  61  5:02  Drone  
  65  5:18  Overlord x5  
  65  5:30  Hydralisk  
  65  5:31  Hydralisk x6, Muscular Augments  
  65  5:33  Hydralisk  
  81  5:36  Hydralisk  
  81  5:42  Hydralisk x2  
  87  5:43  Hydralisk  
  89  5:54  Hydralisk x4  
  97  6:01  Overlord x2  
  97  6:02  Overlord  
  97  6:10  Zergling x8  
  97  6:11  Zergling x8  
  105  6:19  Overlord x2  
  105  6:24  Zergling x2  
  105  6:25  Zergling x12  
  112  6:34  Hydralisk x2  
  116  6:40  Hydralisk x4  
  116  6:42  Zergling x2  
  125  6:51  Hydralisk  
  125  6:52  Hydralisk x3  
  123  7:04  Hydralisk x3  
  123  7:05  Hydralisk x2  
  130  7:14  Zergling x8  
Tags
 
Add a new tag
Caveats
  • Supply blocks, unpowered buildings, or Contaminate may cause inaccurate times.
  • Supply counts are checked every 10 seconds.